 Dungeon Crawl Stone Soup version 0.29-a0-512-gf59ac788ac (webtiles) character file.

Game seed: 5174178919925808371

5 dolemite99 the Charlatan (level 1, -2/17 HPs)
             Began as a Hill Orc Artificer on May 29, 2022.
             Frozen to death by an endoplasm (4 damage)
             ... on level 1 of the Dungeon.
             The game lasted 00:00:20 (117 turns).

dolemite99 the Charlatan (Hill Orc Artificer)        Turns: 117, Time: 00:00:21

Health: -2/17      AC:  3    Str: 14    XL:     1   Next: 80%
Magic:  1/1        EV: 11    Int: 11    God:
Gold:   25         SH:  0    Dex: 11    Spells: 0/0 levels left

rFire   . . .      SeeInvis .   h - +0 mace
rCold   . . .      Faith    .   (no shield)
rNeg    . . .      Spirit   .   b - +0 leather armour
rPois   .          Reflect  .   (no helmet)
rElec   .          Harm     .   (no cloak)
rCorr   .          Rampage  .   (no gloves)
Will    .....                   (no boots)
Stlth   +.........              (no amulet)
HPRegen 0.05/turn               (no ring)
MPRegen 0.07/turn               (no ring)

@: no status effects
A: no striking features
a: no special abilities


You were on level 1 of the Dungeon.
You visited 1 branch of the dungeon, and saw 1 of its levels.

You collected 25 gold pieces.

Inventory:

Hand Weapons
 a - a +0 club
 h - a +0 mace (weapon)
Missiles
 g - 16 stones
Armour
 b - a +0 leather armour (worn)
Wands
 c - a wand of flame (7) (quivered)
 d - a wand of charming (15)
 e - a wand of iceblast (9)
Scrolls
 f - a scroll of poison {unknown}


   Skills:
 + Level 1.7 Fighting
 - Level 2.1 Armour
 - Level 0.7 Dodging
 - Level 0.7 Stealth
 + Level 3.2 Evocations


You couldn't memorise any spells.
You didn't know any spells.
Your spell library was empty.

Dungeon Overview and Level Annotations

Branches:
Dungeon (1/15)

Altars:


Message History

The puff of flame hits the endoplasm.
The endoplasm is almost dead.
The puff of flame hits the endoplasm!
You kill the endoplasm!
No target in view!
No target in view!
No target in view!
A goblin comes into view. It is wielding a +0 dagger.
An endoplasm comes into view.
Found a hand axe.
The goblin shouts!
The puff of flame hits the goblin!
You kill the goblin!
No target in view!
No target in view!
No target in view!
You see here 8 gold pieces.
You now have 25 gold pieces (gained 8).
You hit the endoplasm.
The endoplasm is lightly wounded.
The endoplasm hits you but does no damage.
You hit the endoplasm but do no damage.
The endoplasm is lightly wounded.
The endoplasm freezes you.
You are frozen.
The endoplasm freezes you.
You are frozen.
You are too injured to fight recklessly!
You are too injured to fight recklessly!
You are too injured to fight recklessly!
You hit the endoplasm.
The endoplasm is heavily wounded.
The endoplasm freezes you.
You are frozen.
* * * LOW HITPOINT WARNING * * *
You hit the endoplasm.
The endoplasm is almost dead.
The endoplasm freezes you.
You are frozen.
You die...

#.#######.#
#.........#
########..#
#..# #..# #..#
#########..#
####..........#
.)..)..@####..#
##....#J# #..#
#... ... ...#
##. .#.## #.##
# .#..# #.# #.
.## #.# . . #.#
# #.


You could see an endoplasm.

Vanquished Creatures
  2 endoplasms (D:1)
  A goblin (D:1)
  A kobold (D:1)
  A rat (D:1)
5 creatures vanquished.

Notes
Turn   | Place    | Note
-------+----------+-------------------------------------------
     0 | D:1      | dolemite99 the Hill Orc Artificer began the quest for the
                  | Orb.
     0 | D:1      | Reached XP level 1. HP: 16/16 MP: 1/1
   117 | D:1      | Frozen to death by an endoplasm

Illustrated notes

Levels and vault maps discovered:
D:1:      wheals_arrival_shading, layout_loops_ring

Action                   || total
-------------------------++-------
Melee: Mace              ||     4
Evoke: Wand              ||     8
Armor: Leather armour    ||     1

Table legend: (Time is in decaauts)
 A = Elapsed time spent in this place.
 B = Non-inter-level travel time spent in this place.
 C = Inter-level travel time spent in this place.
 D = Time resting spent in this place.
 E = Time spent auto-exploring this place.
 F = Levels seen in this place.
 G = Mean time per level.
                   A        B        C        D        E       F      G
               +--------+--------+--------+--------+--------+-----+--------+
         Total |    117 |    117 |      0 |      0 |     78 |   1 |  117.0 |
       Dungeon |    117 |    117 |      0 |      0 |     78 |   1 |  117.0 |
               +--------+--------+--------+--------+--------+-----+--------+

Top non-repeatable levels by time:
     D:1: 117 daAuts
